Map: Ciberbosque EJ

Players

xSwT - Winner!

  • Race: Terran Terran
  • League: Diamond
  • Spawn Location: 11:00

IA (Muy fácil) 1

  • Race: Protoss Protoss
  • Spawn Location: 5:00

VOD

Have the link to the VOD?

Description

Time

  • Played on: Feb. 26, 2019, 10:45 a.m.
  • Length: 6:12
Show
View Real Time Build Order
Export as new Build Order

xSwT Terran - Winner!

Build Orders:  

Get SALT Encoding   

  12  0:02  SCV  
  13  0:14  SCV  
  13  0:17  Supply Depot  
  14  0:26  SCV  
  15  0:39  SCV, Barracks  
  16  0:44  Refinery  
  16  0:51  SCV  
  17  1:03  SCV  
  18  1:15  SCV  
  19  1:23  Barracks  
  19  1:30  Orbital Command  
  19  1:34  Barracks Reactor  
  19  1:35  Refinery  
  19  1:38  Supply Depot  
  19  1:48  Engineering Bay  
  19  1:56  SCV  
  20  2:11  Factory  
  20  2:13  Marine x2, Barracks Tech Lab  
  22  2:23  SCV  
  23  2:31  Terran Infantry Weapons Level 1, Marine x2  
  25  2:39  Supply Depot  
  25  2:46  Stimpack  
  25  2:47  Marine  
  26  2:51  Marine  
  26  2:55  Factory Reactor  
  27  2:58  Marine  
  27  3:04  Marine  
  29  3:12  Marine  
  29  3:16  Marine  
  29  3:17  Starport  
  31  3:22  Marine  
  32  3:30  Marine  
  32  3:31  SCV  
  34  3:34  Marine  
  34  3:40  Marine  
  36  3:43  Supply Depot  
  36  3:44  SCV  
  36  3:48  Marine  
  37  3:52  Marine  
  39  4:04  Medivac x2, Marine  
  39  4:07  SCV  
  46  4:11  Factory Tech Lab  
  45  4:31  Widow Mine  
  47  4:36  Command Center  
  47  4:46  Combat Shield  
  47  4:56  Supply Depot  
  47  5:00  Barracks  
  47  5:18  SCV  
  48  5:22  Medivac x2  
  52  5:30  SCV  
  52  5:31  Barracks  
  52  5:35  Armory  
  53  5:42  SCV  
  54  5:55  Barracks Reactor  
  54  5:56  Supply Depot  
  54  6:06  Engineering Bay  
Show
View Real Time Build Order
Export as new Build Order

IA (Muy fácil) 1 Protoss 

Build Orders:  

Get SALT Encoding   

  12  0:00  Probe  
  13  0:13  Probe  
  14  0:20  Pylon  
  14  0:37  Assimilator  
  14  0:43  Gateway  
  14  0:46  Pylon  
  14  1:13  Assimilator  
  14  1:22  Probe  
  14  1:24  Zealot  
  14  1:30  Probe  
  15  1:32  Cybernetics Core  
  18  1:40  Probe  
  19  1:53  Probe  
  20  1:59  Warp Gate  
  20  2:01  Probe  
  21  2:09  Probe  
  22  2:41  Stalker  
  24  5:38  Zealot  
  24  5:39  Probe  
  22  5:48  Pylon, Probe  
  3  5:56  Probe  
  5  6:07  Stalker  
Tags
 
League
Diamond
Matchup
PvT
Spawn Locations
Cross Positions
Add a new tag
Caveats
  • Supply blocks, unpowered buildings, or Contaminate may cause inaccurate times.
  • Supply counts are checked every 10 seconds.